 Dungeon Crawl Stone Soup version 0.23-a0-114-g55e0228 (webtiles) character file.

541 TheOrbIsALie the Magician (level 7, -4/46 HPs)
             Began as a Demonspawn Air Elementalist on Aug 23, 2018.
             Slain by Menkaure (19 damage)
             ... on level 4 of the Dungeon.
             The game lasted 00:09:54 (3525 turns).

TheOrbIsALie the Magician (DsAE)                    Turns: 3525, Time: 00:09:55

Health: -4/46      AC:  5    Str:  8    XL:     7   Next: 5%
Magic:  11/15      EV: 12    Int: 18    God:
Gold:   130        SH:  0    Dex: 14    Spells: 16/17 levels left

rFire    . . .     SeeInvis .   (no weapon)
rCold    + . .     Gourm    .   (no shield)
rNeg     . . .     Faith    .   a - +0 robe
rPois    +         Spirit   .   (no helmet)
rElec    .         Reflect  .   (no cloak)
rCorr    .         Harm     .   d - +0 pair of gloves
MR       .....                  (no boots)
Stlth    ++........             (no amulet)
HPRegen  0.15/turn              i - ring of poison resistance
MPRegen  0.14/turn              (no ring)

@: no status effects
A: claws 1, slimy green scales 1, cold resistance 1, powered by death 1
a: no special abilities


You were on level 4 of the Dungeon.
You were not hungry.

You visited 1 branch of the dungeon, and saw 4 of its levels.

You collected 130 gold pieces.

Inventory:

Armour
 a - a +0 robe (worn)
 b - a +0 buckler
 d - a +0 pair of gloves (worn)
Jewellery
 i - a ring of poison resistance (left hand)
Wands
 k - a wand of scattershot (6)
 n - a wand of iceblast (11)
Scrolls
 f - a scroll of random uselessness {unknown}
 h - 2 scrolls of identify {unknown}
 l - 2 scrolls of teleportation {unknown}
 o - 2 scrolls of remove curse {unknown}
Potions
 e - 2 potions of brilliance {unknown}
 g - a potion of experience {unknown}
 j - 2 potions of degeneration {unknown}
 m - a potion of berserk rage {unknown}
 q - a potion of haste
Comestibles
 c - 7 rations


   Skills:
 - Level 1.7 Dodging
 - Level 1.7 Stealth
 + Level 5.8 Spellcasting
 - Level 4.1 Conjurations
 - Level 3.1 Air Magic


You had 16 spell levels left.
You knew the following spells:

 Your Spells              Type           Power        Failure   Level  Hunger
a - Shock                 Conj/Air       ###.         2%          1    None

Your spell library contained the following spells:

 Spells                   Type           Power        Failure   Level  Hunger
 Static Discharge         Conj/Air       ###.....     9%          3    ##.....
 Swiftness                Chrm/Air       ##......     10%         2    None
 Summon Small Mammal      Summ           #...         12%         1    None
 Call Imp                 Summ           #.......     19%         2    None
 Airstrike                Air            ###.......   32%         4    ####...
 Call Canine Familiar     Summ           #.......     36%         3    ##.....
 Summon Guardian Golem    Hex/Summ       #.......     36%         3    ##.....
 Summon Lightning Spire   Summ/Air       ##......     54%         4    ####...
 Lightning Bolt           Conj/Air       ###.......   61%         5    #####..
 Summon Ice Beast         Ice/Summ       #.......     77%         4    ####...


Dungeon Overview and Level Annotations

Branches:
Dungeon (4/15)
 Temple: D:4-7

Altars:
Elyvilon
Fedhas

Annotations:
D:4 Menkaure


Innate Abilities, Weirdness & Mutations

You have sharp fingernails.
You are partially covered in slimy green scales. (AC +2)
Your flesh is cold resistant. (rC+)
You regenerate a little health from kills.


Message History

Aiming: Shock (safe; 2% risk of failure)
Press: ? - help, Shift-Dir - straight line The zap hits Menkaure.
Menkaure is heavily damaged.
The zap hits Menkaure.
Menkaure is heavily damaged.
Menkaure forgets how to speak, silenced by the ages.
Menkaure misses you. The worker ant misses you.
Menkaure gestures at you while chanting.
Pain shoots through your body!
Casting: Shock (safe; 2% risk of failure)
Confirm with . or Enter, or press ? or * to list all spells.
Aiming: Shock (safe; 2% risk of failure)
Press: ? - help, Shift-Dir - straight line The zap hits Menkaure.
Menkaure is heavily damaged.
The zap hits Menkaure.
Menkaure is severely damaged.
The worker ant misses you. Menkaure hits you!!
You die...

#<.# ##.# #.# #.#
#.## ##### #..#
#...# ##.# #...##
#.# #a...###.
####.###@.......
#......M........
#..##.#######..##
#. #.# ..# # #.#
# .M# ... ##.# #.


You could see Menkaure and a worker ant.

Vanquished Creatures
  Grinder (D:3)
  A centaur (D:3)
  A bullfrog (D:2)
  An orc wizard (D:3)
  4 adders
  3 gnolls (D:2)
  4 worms
  3 dart slugs
  3 leopard geckos
  7 orcs (D:3)
  4 giant cockroaches
  12 goblins
  4 hobgoblins
  2 jackals (D:3)
  4 kobolds
  A ball python (D:2)
  8 bats
  A frilled lizard (D:1)
  7 rats
71 creatures vanquished.

Vanquished Creatures (others)
  An adder (D:4)
  An orc (D:4)
  A quokka (D:4)
  A leopard gecko skeleton (D:4)
4 creatures vanquished.

Grand Total: 75 creatures vanquished

Notes
Turn   | Place    | Note
-------+----------+-------------------------------------------
     0 | D:1      | TheOrbIsALie the Demonspawn Air Elementalist began the quest for the Orb.
     0 | D:1      | Reached XP level 1. HP: 13/13 MP: 3/3
   377 | D:1      | Gained mutation: You regenerate a little health from kills. [demonic ancestry]
   377 | D:1      | Reached XP level 2. HP: 11/19 MP: 1/5
  1370 | D:2      | Noticed a bullfrog
  1456 | D:2      | Found a blossoming altar of Fedhas.
  1470 | D:2      | Gained mutation: You have sharp fingernails. [demonic ancestry]
  1470 | D:2      | Reached XP level 3. HP: 21/24 MP: 0/6
  1688 | D:2      | Killed a bullfrog
  1688 | D:2      | Gained mutation: Your flesh is cold resistant. (rC+) [demonic ancestry]
  1688 | D:2      | Reached XP level 4. HP: 21/30 MP: 0/7
  2256 | D:2      | Reached XP level 5. HP: 26/35 MP: 0/8
  2409 | D:2      | Reached skill level 3 in Spellcasting
  2584 | D:3      | Found a white marble altar of Elyvilon.
  2817 | D:3      | Noticed a centaur
  2823 | D:3      | Killed a centaur
  2823 | D:3      | Reached skill level 4 in Spellcasting
  2823 | D:3      | Reached XP level 6. HP: 28/41 MP: 4/12
  3045 | D:3      | Noticed Grinder
  3234 | D:3      | Killed Grinder
  3234 | D:3      | Reached skill level 5 in Spellcasting
  3234 | D:3      | Gained mutation: You are partially covered in slimy green scales. (AC +2) [demonic ancestry]
  3234 | D:3      | Reached XP level 7. HP: 34/46 MP: 4/15
  3513 | D:4      | Noticed Menkaure
  3525 | D:4      | Slain by Menkaure

Vault maps used:
D:1:      ncdulo_smallfort
D:2:      fedhas_altar_2, first_ration
D:3:      cheibrodos_helix_gallery, elyvilon_altar_5, uniq_grinder
D:4:      nicolae_overflow_crystal_walls, xom_confusion_cloud, serial_shops,
          nicolae_shop_crystal, nicolae_shop_waterfront,
          nicolae_shop_waterfront, shop, kennysheep_mini, uniq_menkaure,
          uniq_sigmund

Skill      XL: |  1  2  3  4  5  6 |
---------------+-------------------+-----
Air Magic      | 3 |  3.1
Conjurations   | 2 3 4 |  4.1
Spellcasting   | 4 5 |  5.8
Dodging        | |  1.7
Stealth        | |  1.7

Action                   |  1- 3 |  4- 6 |  7- 9 || total
-------------------------+-------+-------+-------++-------
Melee: Unarmed           |    34 |    10 |       ||    44
 Cast: Shock             |    64 |   126 |    16 ||   206
  Use: Potion            |     1 |       |       ||     1
  Eat: Chunk             |     3 |     5 |     1 ||     9
Armor: Robe              |    13 |     6 |     2 ||    21
Dodge: Dodged            |    45 |    34 |     5 ||    84

Table legend:
 A = Non-vault XP
 B = Vault XP
 C = Vault XP percentage of total XP
 D = Non-vault monster count
 E = Vault monster count
 F = Vault count percentage of total count
                 A         B        C        D         E       F
            +---------+---------+-------+---------+---------+-------
      Total |     473 |     300 |  38.8 |      68 |       3 |   4.2
            +---------+---------+-------+---------+---------+-------
        D:1 |      40 |       0 |   0.0 |      17 |       0 |   0.0
        D:2 |     201 |       0 |   0.0 |      27 |       0 |   0.0
        D:3 |     232 |     300 |  56.4 |      24 |       3 |  11.1
            +---------+---------+-------+---------+---------+-------
